 Dungeon Crawl Stone Soup version 0.30.1-1-g62c8e00024 (webtiles) character file.

Game seed: 10484714957228472706

1852 LynnLen the Covert (level 8, 0/40 HPs)
             Began as a Spriggan Enchanter on July 15, 2023.
             Killed from afar by a steam dragon (12 damage)
             ... with a ball of steam
             ... on level 6 of the Dungeon.
             The game lasted 00:16:07 (5990 turns).

LynnLen the Covert (Spriggan Enchanter)             Turns: 5990, Time: 00:16:08

Health: 0/40       AC:  2    Str:  4    XL:     8   Next: 88%
Magic:  9/17       EV: 35    Int: 17    God:
Gold:   288        SH:  0    Dex: 17    Spells: 10/18 levels left

rFire   . . .        h - +3 dagger
rCold   . . .        (no shield)
rNeg    + . .        b - +0 robe
rPois   .            (helmet restricted)
rElec   .            (no cloak)
rCorr   .            (gloves unavailable)
SInv    +            (boots unavailable)
Will    ++...        o - amulet of the acrobat
Stlth   +++++        i - ring of willpower
HPRegen 0.26/turn    q - ring of positive energy
MPRegen 0.15/turn

%: acrobat
@: acrobatic, very quick
A: very small, no large weapons, unfitting armour, see invisible, speed 3
a: no special abilities


You were on level 6 of the Dungeon.
You visited 1 branch of the dungeon, and saw 6 of its levels.
You also visited: Sewer.

You collected 288 gold pieces.

Inventory:

Hand Weapons
 h - a +3 dagger (weapon)
Armour
 b - a +0 robe (worn)
Jewellery
 i - a ring of willpower (left hand)
 o - an amulet of the acrobat (around neck)
 q - a ring of positive energy (right hand)
Wands
 s - a wand of flame (10)
Scrolls
 d - 3 scrolls of teleportation
 e - a scroll of brand weapon {unknown}
 g - a scroll of enchant armour {unknown}
 l - 2 scrolls of silence {unknown}
 m - a scroll of blinking {unknown}
 n - 2 scrolls of fog {unknown}
 t - a scroll of amnesia {unknown}
Potions
 a - a potion of flight
 c - 2 potions of heal wounds {unknown}
 f - 5 potions of curing
 j - a potion of mutation {unknown}
 k - 2 potions of lignification {unknown}
 p - a potion of resistance {unknown}
 r - a potion of invisibility


   Skills:
 + Level 3.1 Fighting
 + Level 4.6 Short Blades
 + Level 6.0 Dodging
 * Level 10.4 Stealth
 + Level 5.6 Spellcasting
 + Level 6.2 Hexes
 + Level 2.0 Ice Magic


You had 10 spell levels left.
You knew the following spells:

 Your Spells              Type           Power      Damage    Failure   Level
a - Ensorcelled Hibernat  Hex/Ice        36%        N/A       3%          2
b - Confusing Touch       Hex            26%        N/A       3%          3
c - Tukima's Dance        Hex            26%        N/A       3%          3

Your spell library contained the following spells:

 Spells                   Type           Power      Damage    Failure   Level
 Dazzling Flash           Conj/Hex       30%        N/A       11%         3
 Magic Dart               Conj           16%        1d3       14%         1
 Call Imp                 Summ           8%         N/A       21%         2
 Mephitic Cloud           Conj/Pois/Air  4%         N/A       38%         3


Dungeon Overview and Level Annotations

Branches:
Dungeon (6/15)              Sewer (visited)
 Temple: D:4-7

Altars:
Gozag
Sif Muna
Xom

Shops:
D:3 (


Innate Abilities, Weirdness & Mutations

You are very small and have problems with some larger weapons.
You are too small for most types of armour.
You have supernaturally acute eyesight. (SInv)
You cover ground extremely quickly. (Speed+++)


Message History

Unknown command.
Aiming: Ensorcelled Hibernation (safe; 3% risk of failure)
Press: ? - help, Q - select action, (/) - cycle Shift-Dir - straight line, f/p - steam dragon
Aim: a steam dragon (chance to affect: 50%)
The steam dragon resists with significant effort.
The steam dragon closely misses you. The steam dragon claws you.
Unknown command.
Aiming: Ensorcelled Hibernation (safe; 3% risk of failure)
Press: ? - help, Q - select action, (/) - cycle Shift-Dir - straight line, f/p - steam dragon
Aim: a steam dragon (chance to affect: 50%)
The steam dragon resists with significant effort.
The steam dragon breathes steam at you. The ball of steam hits you!
You hear a shout! x3
Aiming: Ensorcelled Hibernation (safe; 3% risk of failure)
Press: ? - help, Q - select action, (/) - cycle Shift-Dir - straight line, f/p - steam dragon
Aim: a steam dragon (chance to affect: 50%)
The steam dragon resists with significant effort.
You are engulfed in a cloud of scalding steam.
The steam dragon bites you!
* * * LOW HITPOINT WARNING * * *
The steam dragon closely misses you.
The steam dragon completely misses you. x2
You feel better.
Aiming: Ensorcelled Hibernation (safe; 3% risk of failure)
Press: ? - help, Q - select action, (/) - cycle Shift-Dir - straight line, f/p - steam dragon
Aim: a steam dragon (chance to affect: 50%)
The steam dragon looks drowsy...
Unknown command.
The steam dragon hisses angrily.
The steam dragon breathes steam at you. The ball of steam misses you.
Something shouts, "Give up, thou bawdy unchin-snouted nothing!"
You are engulfed in a cloud of scalding steam.
* * * LOW HITPOINT WARNING * * *
You are engulfed in a cloud of scalding steam.
* * * LOW HITPOINT WARNING * * *
The steam dragon breathes steam at you. The ball of steam hits you!
You die...

#.###..## ..#
#...D..# ...
#.....## #. #...###
#.#### #.§D§####
#...§§..### ##
#.§§§.§§..## #.
#.......@..## #.
#.###.####..# #.
#.# #...##..## #.
#.# #....#...# #.
#.###....#...# #.
#..##........## #.
#..#######†...# #.
#...### #)...# .#
##.
#.....####....#...#
#..


There were no monsters in sight!

Vanquished Creatures
  Grinder (D:4)
  Sigmund (D:5)
  A shadow (D:6)
  3 ogres
  A phantom (D:4)
  A kobold brigand (D:6)
  2 scorpions (D:4)
  A bullfrog (D:6)
  A gnoll sergeant (D:6)
  5 jellies
  An orc priest (D:3)
  5 hounds
  An orc wizard (D:5)
  A sleepcap (D:6)
  A hell rat (Sewer)
  An iguana (D:4)
  4 gnolls (D:5)
  3 river rats (Sewer)
  9 adders
  A shadow imp (D:5)
  2 white imps (D:6)
  An ufetubus (D:4)
  2 worms (D:2)
  A dart slug (D:1)
  14 orcs
  6 ball pythons
  5 bats
  10 endoplasms
  2 giant cockroaches
  7 goblins
  7 hobgoblins
  3 jackals (D:3)
  11 kobolds
  3 quokkas
  6 frilled lizards
  14 rats
138 creatures vanquished.

Vanquished Creatures (others)
  A dancing weapon (D:6)
1 creature vanquished.

Grand Total: 139 creatures vanquished

Notes
Turn   | Place    | Note
-------+----------+-------------------------------------------
     0 | D:1      | LynnLen the Spriggan Enchanter began the quest for the Orb.
     0 | D:1      | Reached XP level 1. HP: 9/9 MP: 5/5
   157 | D:1      | Reached XP level 2. HP: 6/13 MP: 6/6
   160 | D:1      | Learned a level 2 spell: Ensorcelled Hibernation
   467 | D:1      | Reached skill level 5 in Stealth
   684 | D:1      | Reached XP level 3. HP: 16/16 MP: 8/8
   688 | D:1      | Learned a level 3 spell: Confusing Touch
   704 | D:1      | Found a faded altar of an unknown god.
  1098 | D:2      | Identified the +6 whip of Qazlal's Benevolence {heavy,
                  | Will+ Str+2}
  1914 | D:2      | Reached XP level 4. HP: 21/21 MP: 9/9
  2189 | D:3      | Noticed an ogre
  2191 | D:3      | Found a glowing drain.
  2206 | Sewer    | Entered a sewer
  2256 | Sewer    | Reached skill level 6 in Stealth
  2403 | Sewer    | Reached skill level 1 in Fighting
  2403 | Sewer    | Reached XP level 5. HP: 24/25 MP: 8/11
  2763 | D:3      | Killed an ogre
  2764 | D:3      | Reached XP level 6. HP: 30/30 MP: 9/12
  2864 | D:3      | Found an opulent altar of Gozag.
  2929 | D:3      | Reached skill level 7 in Stealth
  3036 | D:3      | Found Nipsan's Weapon Shop.
  3358 | D:4      | Reached skill level 5 in Hexes
  3358 | D:4      | Reached XP level 7. HP: 34/34 MP: 8/14
  3582 | D:4      | Noticed Grinder
  3606 | D:4      | Killed Grinder
  3607 | D:4      | Reached skill level 8 in Stealth
  3611 | D:4      | Learned a level 3 spell: Tukima's Dance
  3841 | D:4      | Reached skill level 5 in Dodging
  4208 | D:4      | Reached XP level 8. HP: 31/39 MP: 13/16
  4211 | D:4      | Found a shimmering altar of Xom.
  4353 | D:5      | Entered Level 5 of the Dungeon
  4590 | D:5      | Reached skill level 9 in Stealth
  4783 | D:5      | Reached skill level 5 in Spellcasting
  4783 | D:5      | Reached skill level 1 in Ice Magic
  4901 | D:5      | Noticed Sigmund
  4916 | D:5      | Killed Sigmund
  5263 | D:5      | Found a shimmering blue altar of Sif Muna.
  5560 | D:6      | Reached skill level 10 in Stealth
  5990 | D:6      | Killed from afar by a steam dragon

Illustrated notes

Levels and vault maps discovered:
D:1:      onia_arrival_mini_maze, layout_rooms,
          shapermc_ecumenical_altar_mp_ritualfount
D:2:      layout_basic
D:3:      layout_rooms, nicolae_gozag_seed_capital, portal_sewer_entry_d,
          serial_shops, shop, hangedman_feature_mirror
D:4:      layout_basic, dk_xom_monty_hall, roderic_serpentine_path,
          minmay_unequal, uniq_grinder
D:5:      layout_cave_pools, mainiacjoe_overflow_alcove_1,
          nicolae_kite_square_tiling_tiny, uniq_sigmund
D:6:      minmay_recursive_quarters, layout_basic, uniq_prince_ribbit1

Skill      XL: |  1  2  3  4  5  6  7  8 |
---------------+-------------------------+-----
Dodging        | 3 4 5 6 |  6.0
Stealth        | 5 6 7 8 10 | 10.4
Spellcasting   | 3 4 5 |  5.6
Short Blades   | 2 3 4 |  4.6
Hexes          | 4 5 6 |  6.2
Fighting       | 1 2 3 |  3.1
Ice Magic      | 2 |  2.0

Action                     |  1- 3 |  4- 6 |  7- 9 || total
---------------------------+-------+-------+-------++-------
  Melee: Dagger            |   139 |   109 |   129 ||   377
         Punch             |     1 |     2 |     2 ||     5
   Cast: Ensorcelled Hiber |     2 |    37 |    45 ||    84
         Confusing Touch   |       |       |     8 ||     8
         Tukima's Dance    |       |       |     1 ||     1
    Use: Scroll            |     3 |     1 |     1 ||     5
         Potion            |       |     3 |     1 ||     4
   Stab: Sleeping          |    13 |    26 |    24 ||    63
         Invisible         |       |     6 |       ||     6
         Confused          |       |       |     7 ||     7
 Armour: Robe              |    11 |    10 |     8 ||    29
  Dodge: Dodged            |   107 |   121 |    87 ||   315
